AoeStats
← NuMa | Gacha

MegaRandom

507594727Analyzed
2v2 RM · 15d ago on Sep 18, 2026· 30m 19s· 4 players
Game mode
Random Map
Map size
Medium (4 player)
Population
200
Speed
Normal
Resources
Standard
Victory
Conquest
Starting age
Dark Age
Ending age
Imperial Age
RankedLock teamsTeams togetherTeam positionsShared explorationLock speedFull tech treeHidden civsTurbo modeCheats
Victory
Defeat
🇨🇷 Mongols · Costa Rica
1086
+13
🇨🇴 Persians · Colombia
1080
+14
🇸🇪 Malians · Sweden
1061
-15
🇸🇪 Britons · Sweden
996
-12
rafael9530
6:18 Loom
12:41 Feudal Age
16:23 Castle Age
17:01 Fletching
17:12 Padded Archer Armor
21:58 Bodkin Arrow
23:36 Ballistics
25:28 Leather Archer Armor
33:06 Imperial Age
NuMa | Gacha
0:51 Loom
10:19 Feudal Age
14:07 Fletching
18:28 Castle Age
19:06 Double-Bit Axe
20:36 Scale Barding Armor
21:50 Bloodlines
24:54 Chain Barding Armor
27:39 Husbandry
28:15 Forging
31:30 Iron Casting
Molk
0:40 Loom
8:36 Feudal Age
13:56 Fletching
22:42 Castle Age
22:57 Padded Archer Armor
23:51 Crossbowman
24:34 Stone Mining
24:35 Double-Bit Axe
24:43 Gold Mining
26:06 Bodkin Arrow
25:57 Pikeman
28:29 Scale Mail Armor
29:00 Bow Saw
Bulbu
0:38 Loom
11:27 Feudal Age
13:26 Wheelbarrow
17:16 Castle Age
16:38 Scale Mail Armor
22:23 Arson
25:27 Double-Bit Axe
27:00 Forging
29:25 Scale Barding Armor
30:07 Husbandry
30:49 Bloodlines
Connection lost

Rejoining the realm…

Still unreachable

The connection could not be restored.

Session expired

The server has moved on; the page needs a fresh start.